Map: [ESL] Oceanborn

Players

Reynor

  • Race: Zerg Zerg
  • League: Master
  • Spawn Location: 5:00

LiquidClem (Clem) - Winner!

  • Race: Terran Terran
  • League: Grandmaster
  • Spawn Location: 11:00

Event: Bellum Gens Elite Stara Zagora 2024

VOD

Have the link to the VOD?

Description

Time

  • Played on: Sept. 8, 2024, 8:35 a.m.
  • Length: 9:28

All games in this series

Show
View Real Time Build Order
Export as new Build Order

Reynor Zerg 

Build Orders: Hatch First, Ravager All-In 

Get SALT Encoding   

  12  0:00  Drone  
  13  0:07  Drone  
  14  0:14  Drone, Extractor  
  15  0:39  Hatchery  
  15  0:42  Extractor  
  13  0:43  Drone  
  13  0:48  Overlord  
  15  1:03  Spawning Pool  
  14  1:07  Drone  
  14  1:10  Drone  
  16  1:12  Extractor  
  16  1:16  Drone  
  16  1:20  Drone  
  17  1:29  Drone  
  18  1:41  Drone  
  19  1:50  Queen  
  19  1:51  Queen  
  19  1:52  Extractor  
  22  2:01  Roach Warren  
  21  2:04  Drone  
  21  2:08  Drone  
  23  2:14  Overlord  
  24  2:31  Extractor  
  23  2:40  Roach  
  23  2:41  Queen, Roach x2  
  31  2:45  Roach  
  31  2:51  Overlord  
  33  2:58  Roach  
  35  3:00  Ravager  
  36  3:06  Spore Crawler  
  36  3:08  Ravager  
  36  3:16  Roach x2  
  41  3:26  Drone x2  
  43  3:29  Ravager  
  43  3:33  Overlord  
  44  3:53  Roach x3  
  48  3:57  Ravager  
  48  3:58  Drone  
  48  3:59  Drone  
  51  4:11  Ravager  
  51  4:14  Overlord  
  49  4:26  Drone x3  
  49  4:29  Metabolic Boost  
  52  4:36  Drone  
  52  4:38  Overlord  
  53  4:44  Zergling x6  
  53  4:45  Zergling x2  
  57  4:50  Ravager  
  57  4:52  Zergling x4  
  60  4:56  Overlord  
  60  5:00  Ravager  
  60  5:02  Zergling x4  
  63  5:09  Zergling x2  
  63  5:10  Zergling x4  
  66  5:19  Drone  
  67  5:21  Zergling x6  
  67  5:22  Zergling x2  
  67  5:25  Ravager x2  
  73  5:34  Zergling x6  
  76  5:47  Hatchery  
  75  5:52  Overlord  
  75  5:58  Drone  
  75  6:04  Overlord  
  75  6:14  Roach x3  
  75  6:15  Zergling x4  
  82  6:21  Zergling x4  
  82  6:24  Zergling x2  
  85  6:28  Zergling x4  
  87  6:38  Ravager x3  
  89  6:41  Zergling x6  
  89  6:46  Overlord  
  92  6:59  Zergling x6  
  95  7:02  Roach  
  97  7:09  Roach  
  99  7:16  Roach  
  99  7:17  Zergling x2  
  99  7:21  Roach  
  104  7:22  Ravager  
  104  7:24  Zergling x2  
  104  7:28  Overlord  
  106  7:40  Overlord  
  100  7:54  Zergling x12  
  98  8:02  Roach x2  
  102  8:07  Overlord  
  99  8:13  Zergling x2  
  99  8:14  Zergling x2  
  93  8:22  Zergling x6  
  93  8:25  Zergling x2  
  79  8:29  Zergling x2  
  79  8:30  Zergling x2  
  75  8:37  Zergling x4  
  75  8:41  Ravager  
  68  8:44  Zergling x4  
  70  8:50  Zergling x4  
  72  9:01  Zergling x8  
  75  9:07  Zergling x6  
Show
View Real Time Build Order
Export as new Build Order

LiquidClem Terran - Winner!

Build Orders: Cyclone Opening, Reaper Expand 

Get SALT Encoding   

  12  0:00  SCV  
  13  0:12  SCV  
  14  0:17  Supply Depot  
  14  0:24  SCV  
  15  0:39  SCV  
  15  0:40  Barracks  
  15  0:42  Refinery  
  16  0:51  SCV  
  17  1:03  SCV  
  18  1:15  SCV  
  19  1:27  Orbital Command, Reaper  
  20  1:38  Command Center  
  20  1:46  Supply Depot  
  20  1:54  SCV  
  21  1:58  Marine  
  22  2:03  Factory  
  22  2:11  Bunker  
  22  2:13  SCV  
  23  2:19  Barracks Reactor  
  23  2:25  SCV  
  24  2:30  Barracks  
  24  2:36  Bunker  
  24  2:39  SCV  
  25  2:47  Cyclone  
  25  2:51  SCV  
  28  2:56  Marine x2  
  30  3:03  Orbital Command  
  30  3:07  SCV  
  31  3:15  Marine x2  
  31  3:18  Marine  
  31  3:19  Factory Tech Lab  
  34  3:24  SCV, Bunker  
  35  3:33  Marine x2  
  38  3:38  Siege Tank  
  38  3:39  Marine  
  41  3:46  Supply Depot  
  40  3:52  Marine  
  40  3:55  Marine  
  41  3:59  Barracks  
  41  4:01  SCV x2  
  43  4:08  Marine  
  44  4:15  SCV  
  44  4:16  SCV, Marine x2  
  47  4:25  Siege Tank  
  47  4:26  Marine  
  47  4:28  SCV x2  
  53  4:35  Supply Depot  
  53  4:38  Marine  
  53  4:41  SCV, Marine  
  56  4:47  Marine  
  56  4:48  Barracks Tech Lab  
  56  4:50  Refinery  
  56  4:51  SCV  
  55  4:55  SCV  
  56  5:01  Marine x2  
  56  5:03  SCV  
  59  5:07  SCV  
  59  5:08  Marine x2  
  59  5:13  Stimpack  
  62  5:19  Supply Depot, SCV, Marine  
  62  5:20  SCV  
  65  5:21  Marine  
  65  5:27  Marine x2  
  68  5:31  SCV  
  68  5:35  SCV  
  70  5:38  Supply Depot  
  70  5:40  Starport  
  70  5:43  SCV, Refinery  
  70  5:45  Factory Reactor  
  70  5:46  Marine  
  70  5:48  Marine  
  74  5:50  SCV  
  74  5:52  Marine x2  
  74  5:55  SCV  
  77  6:01  Supply Depot  
  77  6:02  SCV  
  77  6:04  Marine  
  79  6:07  SCV, Marine  
  81  6:13  Marine x2  
  81  6:14  SCV  
  81  6:18  Supply Depot  
  84  6:20  SCV  
  84  6:25  Medivac x2  
  89  6:34  Command Center  
  89  6:35  Barracks Reactor  
  89  6:39  SCV  
  91  6:40  SCV  
  91  6:42  Refinery  
  91  6:44  Supply Depot, Marine  
  92  6:47  Siege Tank  
  92  6:52  Supply Depot, Combat Shield  
  95  6:54  SCV x2  
  95  6:55  Marine  
  95  6:58  Marine  
  99  7:06  SCV  
  99  7:07  Supply Depot, SCV  
  101  7:08  Engineering Bay  
  101  7:10  Marine, Engineering Bay  
  101  7:12  Marine  
  101  7:13  Marine x2  
  105  7:15  Medivac  
  105  7:18  Medivac  
  105  7:21  Marine  
  105  7:22  Supply Depot  
  110  7:27  Siege Tank  
  113  7:31  Supply Depot  
  113  7:32  Marine  
  113  7:35  SCV x2  
  116  7:40  Marine x2  
  116  7:42  Marine  
  119  7:46  Marine  
  119  7:47  SCV  
  113  7:51  Marine  
  113  7:56  SCV  
  113  7:58  Marine x2  
  112  7:59  Medivac x2  
  112  8:01  Orbital Command  
  112  8:02  Marine  
  112  8:04  SCV, Marine  
  119  8:08  SCV  
  119  8:09  Marine  
  115  8:14  Siege Tank  
  115  8:15  Marine  
  115  8:16  SCV  
  115  8:18  Marine  
  120  8:20  Marine  
  120  8:21  SCV  
  120  8:23  Marine  
  104  8:27  Marine  
  104  8:33  Marine  
  94  8:36  Marine  
  94  8:38  Marine  
  94  8:40  Marine  
  83  8:41  Medivac x2  
  83  8:45  Marine  
  83  8:46  Siege Tank  
  91  8:51  Marine  
  91  8:53  SCV x2  
  91  8:54  Marine  
  95  8:58  Marine x2  
  95  9:02  SCV, Marine  
  98  9:05  SCV  
  98  9:06  SCV  
  98  9:09  Marine  
Tags
 
Add a new tag
Caveats
  • Supply blocks, unpowered buildings, or Contaminate may cause inaccurate times.
  • Supply counts are checked every 10 seconds.